 Dungeon Crawl Stone Soup version 0.27-b1-42-g19c61b19a5 (webtiles) character file.

Game seed: 1979908648584511095

1327 mhtbhm the Spear-Bearer (level 8, -9/68 (70) HPs)
             Began as a Minotaur Fighter on July 29, 2021.
             Was a Plaything of Xom.
             Killed by divine providence
             ... invoked by an orc priest
              (13 damage)
             ... on level 6 of the Dungeon.
             The game lasted 00:06:25 (5289 turns).

mhtbhm the Spear-Bearer (Minotaur Fighter)          Turns: 5289, Time: 00:06:27

HP:   -9/68 (70)    AC:  7    Str: 23    XL:     8   Next: 34%
MP:   7/7           EV: 13    Int:  5    God:    Xom [*.....]
Gold: 403           SH: 10    Dex: 10    Spells: 7/7 levels left

rFire    . . .     SeeInvis .   a - +0 trident
rCold    . . .     Faith    .   c - +0 kite shield
rNeg     . . .     Spirit   .   b - +0 scale mail
rPois    .         Reflect  .   (helmet restricted)
rElec    .         Harm     .   (no cloak)
rCorr    +         Rampage  .   (no gloves)
Will     .....                  (no boots)
Stlth    ..........             (no amulet)
HPRegen  0.21/turn              g - +4 ring of evasion
MPRegen  0.10/turn              m - ring of resist corrosion

@: unable to read, lightly drained, invisible
A: horns 2, retaliatory headbutt, inability to read while threatened
a: Renounce Religion


You were on level 6 of the Dungeon.
You worshipped Xom.
You were a special plaything of Xom.
You visited 1 branch of the dungeon, and saw 6 of its levels.

You collected 403 gold pieces.

Inventory:

Hand Weapons
 a - a +0 trident (weapon)
Missiles
 p - 4 curare-tipped darts (quivered)
Armour
 b - a +0 scale mail (worn)
 c - a +0 kite shield (worn)
Jewellery
 g - a +4 ring of evasion (left hand)
 m - a ring of resist corrosion (right hand)
 x - a ring of see invisible
 y - a ring of protection from fire
Wands
 e - a wand of paralysis (11)
 r - a wand of flame (4)
Scrolls
 h - 2 scrolls of teleportation
 s - a scroll of noise {unknown}
 v - a scroll of fear {unknown}
 w - a scroll of magic mapping {unknown}
Potions
 d - 2 potions of might
 f - a potion of cancellation
 i - a potion of brilliance
 j - a potion of mutation {unknown}
 l - a potion of haste {unknown}
 n - a potion of ambrosia {unknown}
 o - 3 potions of curing {unknown}
 q - a potion of lignification {unknown}
 u - a potion of degeneration {unknown}


   Skills:
 + Level 6.0 Fighting
 + Level 8.0 Polearms
 + Level 6.7 Armour
 + Level 2.8 Dodging
 + Level 1.4 Stealth
 + Level 5.5 Shields


You had 7 spell levels left.
You didn't know any spells.
Your spell library contained the following spells:

 Spells                   Type           Power      Damage    Failure   Level
 Foxfire                  Conj/Fire      0%         2x1d4     99%         1
 Conjure Flame            Conj/Fire      0%         6-21      100%        3
 Dazzling Flash           Conj/Hex       0%         N/A       100%        3
 Inner Flame              Hex/Fire       0%         N/A       100%        3
 Agony                    Necr           0%         N/A       100%        5
 Silence                  Hex/Air        0%         N/A       100%        5


Dungeon Overview and Level Annotations

Branches:
Dungeon (6/15)             Temple (0/1) D:5

Altars:
Cheibriados
Elyvilon
Xom


Innate Abilities, Weirdness & Mutations

You have a pair of horns on your head.
You reflexively headbutt those who attack you in melee.
You sometimes lose the ability to read scrolls when taking damage.


Message History

You can read scrolls again.
The orc priest shouts!
The orc warrior hits you from afar with a +0 trident!
The orc priest hits you but does no damage.
You hit the orc priest but do no damage.
The orc priest is moderately wounded.
The orc warrior barely misses you.
The orc priest calls down the wrath of Beogh upon you.
Pain shoots through your body!
You closely miss the orc priest.
The orc priest is moderately wounded.
The orc warrior hits you from afar with a +0 trident!
You feel threatened and lose the ability to read scrolls!
The orc priest hits you with a +0 dagger.
* * * LOW HITPOINT WARNING * * *
You puncture the orc priest!
The orc priest is severely wounded.
The orc warrior barely misses you.
The orc priest mumbles some strange prayers to Beogh against you.
Pain shoots through your body!
* * * LOW HITPOINT WARNING * * *
You block the orc warrior's attack.
You feel much better.
The orc priest calls down the wrath of Beogh upon you.
Beogh smites you!
* * * LOW HITPOINT WARNING * * *
The orc warrior hits you from afar with a +0 trident!
* * * LOW HITPOINT WARNING * * *
Unknown command.
You cannot read scrolls in your current state!
Unknown command.
You fade into invisibility!
The orc throws a stone.
The stone barely misses the orc warrior.
The stone hits the orc priest but does no damage.
An orc comes into view. It is wielding a +0 hand axe.
The orc priest calls down the wrath of Beogh upon you.
Beogh smites you!
You die...
Xom howls with laughter!

#...# .# ######))...#
#..o. .#########)###..
#.... .##)........####
#.... .##.........#
#...o#.##.........#
#..>oo............####
#####o#....####.......
#o# ##..####..####
#@## #......<.# ##
#..###.##.....###.
##..##.#..##......
##.##...####..#..
#.......# #...##
#..####.# ..#.[. ##..#
..#...... #..#
#....###. ....
.>......


You could see an orc warrior, 2 orc priests and 3 orcs.

Vanquished Creatures
  Eustachio (D:4)
  An ice beast (D:6)
  A black bear (D:4)
  Blork the orc (D:4)
  A centaur zombie (D:5)
  2 jellies
  A bullfrog skeleton (D:4)
  A hound (D:6)
  An orc priest (D:3)
  Jessica (D:2)
  2 iguanas
  Terence (D:2)
  An orc wizard (D:6)
  A howler monkey zombie (D:5)
  Robin (D:2)
  2 adders
  2 ufetubi
  2 worms
  2 dart slugs (D:4)
  14 orcs
  5 endoplasms
  7 giant cockroaches
  18 goblins
  9 hobgoblins
  7 jackals
  6 kobolds
  3 quokkas
  5 bats
  2 frilled lizards
  4 rats
105 creatures vanquished.

Vanquished Creatures (collateral kills)
  A two-headed ogre (D:6)
  A bullfrog (D:6)
  Dowan (D:4)
  A howler monkey (D:6)
  A jelly (D:6)
  A bullfrog skeleton (D:6)
  An iguana (D:6)
7 creatures vanquished.

Vanquished Creatures (others)
  Duvessa (D:4)
1 creature vanquished.

Grand Total: 113 creatures vanquished

Notes
Turn   | Place    | Note
-------+----------+-------------------------------------------
     0 | D:1      | mhtbhm the Minotaur Fighter began the quest for the Orb.
     0 | D:1      | Reached XP level 1. HP: 19/19 MP: 0/0
   179 | D:1      | Reached XP level 2. HP: 27/27 MP: 1/1
   234 | D:1      | Found a faded altar of an unknown god.
   274 | D:1      | Became a worshipper of Xom of Many Doors
   332 | D:1      | Reached XP level 3. HP: 30/33 MP: 2/2
   354 | D:1      | XOM: silly message
   450 | D:1      | XOM: silly message
   875 | D:2      | Reached skill level 3 in Polearms
   897 | D:2      | Noticed Jessica
   904 | D:2      | Killed Jessica
   905 | D:2      | Reached XP level 4. HP: 40/40 MP: 3/3
   938 | D:2      | XOM: silly message
  1078 | D:2      | Noticed Terence
  1085 | D:2      | Killed Terence
  1086 | D:2      | Reached skill level 4 in Polearms
  1185 | D:2      | XOM: silly message
  1186 | D:2      | XOM: swap monsters
  1490 | D:2      | Noticed Robin
  1501 | D:2      | Killed Robin
  1583 | D:3      | Found a shimmering altar of Xom.
  1618 | D:3      | XOM: give mutation
  1618 | D:3      | Gained mutation: You sometimes lose the ability to read
                  | scrolls when taking damage. [Xom's mischief]
  1727 | D:3      | XOM: 9-stop teleportation journey
  1765 | D:3      | XOM: silly message
  1770 | D:3      | Reached XP level 5. HP: 33/47 MP: 4/4
  2327 | D:3      | Reached skill level 5 in Polearms
  2851 | D:4      | Noticed Blork the orc
  2853 | D:4      | Noticed Duvessa
  2855 | D:4      | Noticed Dowan
  2856 | D:4      | XOM: summons friendly iron imp
  2859 | D:4      | XOM: summons friendly ufetubus
  2863 | D:4      | Killed Dowan
  2864 | D:4      | XOM: noise
  2867 | D:4      | Killed Duvessa
  2868 | D:4      | Reached skill level 5 in Armour
  2868 | D:4      | Reached XP level 6. HP: 27/53 MP: 5/5
  2871 | D:4      | Killed Blork the orc
  3015 | D:4      | XOM: polymorph ufetubus -> shadow imp
  3083 | D:4      | Found a snail-covered altar of Cheibriados.
  3225 | D:4      | XOM: 1-stop teleportation journey
  3359 | D:4      | XOM: noise
  3362 | D:4      | Reached skill level 1 in Dodging
  3405 | D:4      | Reached skill level 6 in Polearms
  3538 | D:4      | Noticed Eustachio
  3543 | D:4      | Reached skill level 5 in Fighting
  3555 | D:4      | XOM: smoke on damage
  3559 | D:4      | Killed Eustachio
  3560 | D:4      | Reached skill level 1 in Stealth
  3560 | D:4      | Reached XP level 7. HP: 23/61 MP: 6/6
  3828 | D:4      | XOM: noise
  4041 | D:5      | Entered Level 5 of the Dungeon
  4242 | D:5      | XOM: 4-stop teleportation journey
  4259 | D:5      | Found a white marble altar of Elyvilon.
  4669 | D:5      | Found a staircase to the Ecumenical Temple.
  4689 | D:5      | XOM: blink monster(s)
  4694 | D:5      | Reached skill level 7 in Polearms
  4797 | D:5      | XOM: silly message
  4860 | D:5      | XOM: draining
  4935 | D:6      | Noticed a two-headed ogre
  4936 | D:6      | XOM: cast spell 'Summon Dragon'
  4939 | D:6      | Killed a two-headed ogre
  4940 | D:6      | Reached skill level 5 in Shields
  4940 | D:6      | Reached XP level 8. HP: 58/70 MP: 7/7
  5016 | D:6      | XOM: draining
  5126 | D:6      | Reached skill level 8 in Polearms
  5289 | D:6      | Killed from afar by an orc priest

Illustrated notes

Levels and vault maps discovered:
D:1:      dpeg_arrival_brainrot, layout_basic,
          hellmonk_ecumenical_altar_leap_of_faith
D:2:      layout_loops_ring, uniq_jessica, uniq_robin, uniq_terence
D:3:      layout_basic, xom_teletrap_fun, serial_co_window_serial,
          co_window_of_opportunity_a, co_window_corner_a, co_window_paths_b,
          co_window_paths_a, co_window_corner_a, co_window_cross_4,
          co_window_corner_ca, co_window_cross_4, co_window_cross_3,
          co_window_paths_e, co_window_4corner_a, glass_columns_a
D:4:      layout_basic, mainiacjoe_overflow_chevrons,
          wad_floor_pattern_untrapped, uniq_eustachio, uniq_blork_the_orc,
          uniq_duvessa
D:5:      layout_basic, elyvilon_altar_3, minmay_temple_entry_tees
D:6:      layout_rooms, makhleb_blood_cavern_becter, minitemple

Skill      XL: |  1  2  3  4  5  6  7  8 |
---------------+-------------------------+-----
Armour         | 4 5 6 |  6.7
Polearms       | 3 4 5 6 7 8 |  8.0
Fighting       | 4 5 6 |  6.0
Shields        | 4 5 |  5.5
Dodging        | 1 2 |  2.8
Stealth        | 1 |  1.4

Action                   |  1- 3 |  4- 6 |  7- 9 || total
-------------------------+-------+-------+-------++-------
Melee: Trident           |    80 |   146 |    68 ||   294
       Headbutt          |     3 |    19 |    17 ||    39
  Use: Scroll            |     2 |     2 |     1 ||     5
       Potion            |       |     2 |     3 ||     5
 Stab: Invisible         |       |     2 |       ||     2
Armor: Scale mail        |    21 |    23 |    19 ||    63
Dodge: Dodged            |    14 |    66 |    28 ||   108
Block: Kite shield       |    28 |    48 |    31 ||   107
